| TOP OF THE 1ST |
|
Chester Pirates batting - Pitching for Windy City ThunderBolts : RHP Alfie Bungledorf
|
|
Pitching: RHP Alfie Bungledorf
|
|
|
Batting: SHB Don Hauk
|
0-0: Ball 1-0: Called Strike 1-1: Ball 2-1: Ground out 3-1 (Groundball, 34S, EV 88.1 MPH)
|
|
Batting: RHB Terrence Wilson
|
0-0: Called Strike 0-1: Swinging Strike 0-2: Ball 1-2: Strikes out swinging
|
|
Batting: RHB Brandon White
|
0-0: Reached on error, E6 (Groundball, 6MS, EV 88.8 MPH)
|
|
Batting: LHB Carlos Vega
|
0-0: Called Strike 0-1: Fielders Choice at 2nd, 6-4 (Groundball, 4M, EV 81.3 MPH)
|
| Top of the 1st over - 0 runs, 0 hits, 1 error, 1 left on base; Chester 0 - Windy City 0 |
| BOTTOM OF THE 1ST |
|
Windy City ThunderBolts batting - Pitching for Chester Pirates : LHP Ben Buerck
|
|
Pitching: LHP Ben Buerck
|
|
|
Batting: LHB Matt Hyde
|
0-0: Ball 1-0: Foul Ball, location: 2F 1-1: DOUBLE (Line Drive, 89M, EV 100.6 MPH)
|
|
Batting: LHB Adam Tarbutton
|
0-0: Ball 1-0: Swinging Strike 1-1: Swinging Strike 1-2: Strikes out swinging
|
|
Batting: RHB Mike Rosa
|
0-0: Called Strike 0-1: Fly out, F2 (Popup, 3SF, EV 78.1 MPH)
|
|
Batting: LHB Justin Stickney
|
0-0: Ball 1-0: Swinging Strike 1-1: Ball 2-1: SINGLE (Line Drive, 89S, EV 94.4 MPH) Matt Hyde to third Runner from 3rd tries for Home, SAFE, throw by RF to home
|
|
Batting: RHB Adan Lake
|
0-0: Fly out, F8 (Flyball, 8LS, EV 81.3 MPH)
|
| Bottom of the 1st over - 1 run, 2 hits, 0 errors, 1 left on base; Chester 0 - Windy City 1 |
| TOP OF THE 2ND |
|
Chester Pirates batting - Pitching for Windy City ThunderBolts : RHP Alfie Bungledorf
|
|
Batting: RHB Zach Chmieleski
|
0-0: Ball 1-0: Ball 2-0: Foul Ball, location: 2F 2-1: Ball 3-1: Base on Balls
|
|
Batting: RHB Jeff Edwards
|
0-0: Swinging Strike 0-1: SINGLE (Groundball, 6D, EV 93.8 MPH) Zach Chmieleski to second
|
|
Batting: RHB Frank Elizondo
|
0-0: Called Strike 0-1: Fielders Choice at 2nd, 5-4 (Groundball, 56, EV 83.8 MPH) Zach Chmieleski to third
|
|
Batting: RHB Erik Mulligan
|
0-0: Foul Ball, location: 2F 0-1: Ball 1-1: Called Strike 1-2: Strikes out looking
|
|
Batting: LHB Chad Cutler
|
0-0: Called Strike 0-1: Called Strike 0-2: Ball 1-2: Strikes out swinging
|
| Top of the 2nd over - 0 runs, 1 hit, 0 errors, 2 left on base; Chester 0 - Windy City 1 |
| BOTTOM OF THE 2ND |
|
Windy City ThunderBolts batting - Pitching for Chester Pirates : LHP Ben Buerck
|
|
Batting: RHB Armando Vazquez
|
0-0: Swinging Strike 0-1: Foul Ball, location: 2F 0-2: Ball 1-2: Foul Ball, location: 2F 1-2: Fly out, F8 (Flyball, 8LS, EV 88.8 MPH)
|
|
Batting: RHB Vladmiri Nugaibekov
|
0-0: DOUBLE (Line Drive, 3D, EV 94.4 MPH)
|
|
Batting: LHB Herkko Haavikko
|
0-0: Called Strike 0-1: Ball 1-1: Ground out 5-3 (Groundball, 5, EV 80.6 MPH)
|
|
Batting: RHB Mario Gomez
|
0-0: Called Strike 0-1: Ball 1-1: Ball 2-1: Foul Ball, location: 2F 2-2: Ball 3-2: Fly out, F7 (Flyball, 7D, EV 100.6 MPH)
|
| Bottom of the 2nd over - 0 runs, 1 hit, 0 errors, 1 left on base; Chester 0 - Windy City 1 |
| TOP OF THE 3RD |
|
Chester Pirates batting - Pitching for Windy City ThunderBolts : RHP Alfie Bungledorf
|
|
Batting: SHB Don Hauk
|
0-0: Called Strike 0-1: Ball 1-1: Ball 2-1: Foul Ball, location: 2F 2-2: Foul Ball, location: 2F 2-2: Ball 3-2: Base on Balls
|
|
Batting: RHB Terrence Wilson
|
0-0: Ball 1-0: Ball 2-0: Ball 3-0: Base on Balls Don Hauk to second
|
|
Batting: RHB Brandon White
|
0-0: Foul Ball, location: 2F 0-1: Fly out, F9 (Flyball, 9LM, EV 96.3 MPH) Runner from 2nd tags up, SAFE at 3rd, no throw by RF
|
|
Batting: LHB Carlos Vega
|
0-0: Called Strike Terrence Wilson steals 2nd base 0-1: Ball 1-1: Ball 2-1: Called Strike 2-2: Ball 3-2: Strikes out swinging
|
|
Batting: RHB Zach Chmieleski
|
0-0: Called Strike 0-1: Foul Ball, location: 2F 0-2: Ball 1-2: Strikes out swinging
|
| Top of the 3rd over - 0 runs, 0 hits, 0 errors, 2 left on base; Chester 0 - Windy City 1 |
| BOTTOM OF THE 3RD |
|
Windy City ThunderBolts batting - Pitching for Chester Pirates : LHP Ben Buerck
|
|
Batting: LHB Matt Hyde
|
0-0: Swinging Strike 0-1: Foul Ball, location: 2F 0-2: Ball 1-2: Foul Ball, location: 2F 1-2: Ball 2-2: Ball 3-2: Strikes out swinging
|
|
Batting: LHB Adam Tarbutton
|
0-0: Ball 1-0: Called Strike 1-1: Foul Ball, location: 2F 1-2: Ball 2-2: Fly out, F9 (Flyball, 9D, EV 86.9 MPH)
|
|
Batting: RHB Mike Rosa
|
0-0: Ball 1-0: Swinging Strike 1-1: Ball 2-1: SOLO HOME RUN (Line Drive, 8RXD, EV 115.6 MPH), Distance : 449 ft
|
|
Batting: LHB Justin Stickney
|
0-0: Called Strike 0-1: Ball 1-1: Ball 2-1: Fly out, F8 (Flyball, 78M, EV 84.4 MPH)
|
| Bottom of the 3rd over - 1 run, 1 hit, 0 errors, 0 left on base; Chester 0 - Windy City 2 |
| TOP OF THE 4TH |
|
Chester Pirates batting - Pitching for Windy City ThunderBolts : RHP Alfie Bungledorf
|
|
Batting: RHB Jeff Edwards
|
0-0: Ball 1-0: Ball 2-0: Called Strike 2-1: Swinging Strike 2-2: Ball 3-2: Strikes out swinging
|
|
Batting: RHB Frank Elizondo
|
0-0: Ball 1-0: Swinging Strike 1-1: SINGLE (Groundball, 6MD, EV 95.6 MPH)
|
|
Batting: RHB Erik Mulligan
|
0-0: Ball 1-0: Ball 2-0: Fly out, F7 (Flyball, 7, EV 83.8 MPH)
|
|
Batting: LHB Chad Cutler
|
0-0: Ball 1-0: Ground out 4-3 (Groundball, 34, EV 90.0 MPH)
|
| Top of the 4th over - 0 runs, 1 hit, 0 errors, 1 left on base; Chester 0 - Windy City 2 |
| BOTTOM OF THE 4TH |
|
Windy City ThunderBolts batting - Pitching for Chester Pirates : LHP Ben Buerck
|
|
Batting: RHB Adan Lake
|
0-0: Called Strike 0-1: Ball 1-1: Swinging Strike 1-2: Strikes out swinging
|
|
Batting: RHB Armando Vazquez
|
0-0: Ball 1-0: Swinging Strike 1-1: Foul Ball, location: 2F 1-2: Foul Ball, location: 2F 1-2: Strikes out swinging
|
|
Batting: RHB Vladmiri Nugaibekov
|
0-0: Foul Ball, location: 2F 0-1: Ground out 6-3 (Groundball, 56, EV 81.9 MPH)
|
| Bottom of the 4th over - 0 runs, 0 hits, 0 errors, 0 left on base; Chester 0 - Windy City 2 |
| TOP OF THE 5TH |
|
Chester Pirates batting - Pitching for Windy City ThunderBolts : RHP Alfie Bungledorf
|
|
Batting: SHB Don Hauk
|
0-0: Ball 1-0: Ball 2-0: Ball 3-0: Called Strike 3-1: Foul Ball, location: 2F 3-2: Foul Ball, location: 2F 3-2: Base on Balls
|
|
Batting: RHB Terrence Wilson
|
0-0: Called Strike Don Hauk is caught stealing 2nd base 2-4 0-1: Foul Ball, location: 2F 0-2: Ball 1-2: Foul Ball, location: 2F 1-2: Ball 2-2: Strikes out swinging
|
|
Batting: RHB Brandon White
|
0-0: Ball 1-0: Ball 2-0: Ball 3-0: Called Strike 3-1: Called Strike 3-2: Fly out, F8 (Flyball, 8RM, EV 85.6 MPH)
|
| Top of the 5th over - 0 runs, 0 hits, 0 errors, 0 left on base; Chester 0 - Windy City 2 |
| BOTTOM OF THE 5TH |
|
Windy City ThunderBolts batting - Pitching for Chester Pirates : LHP Ben Buerck
|
|
Batting: LHB Herkko Haavikko
|
0-0: Ball 1-0: Ball 2-0: Called Strike 2-1: Ball 3-1: SINGLE (Line Drive, 9S, EV 95.0 MPH)
|
|
Batting: RHB Mario Gomez
|
0-0: Called Strike 0-1: Grounds into double play, 3-6-3 (Groundball, 34S, EV 91.9 MPH)
|
|
Batting: LHB Matt Hyde
|
0-0: Ball 1-0: Foul Ball, location: 2F 1-1: Ball 2-1: Ball 3-1: Swinging Strike 3-2: Fly out, F9 (Flyball, 89D, EV 101.9 MPH)
|
| Bottom of the 5th over - 0 runs, 1 hit, 0 errors, 0 left on base; Chester 0 - Windy City 2 |
| TOP OF THE 6TH |
|
Chester Pirates batting - Pitching for Windy City ThunderBolts : RHP Alfie Bungledorf
|
|
Batting: LHB Carlos Vega
|
0-0: Ball 1-0: Called Strike 1-1: Foul Ball, location: 2F 1-2: Strikes out swinging
|
|
Batting: RHB Zach Chmieleski
|
0-0: Ball 1-0: Called Strike 1-1: Ball 2-1: Called Strike 2-2: Ball 3-2: Base on Balls
|
|
Batting: RHB Jeff Edwards
|
0-0: Foul Ball, location: 2F 0-1: Ball 1-1: Called Strike 1-2: Strikes out swinging
|
|
Pitching: RHP Alec Guglielmo
|
|
|
Batting: RHB Frank Elizondo
|
0-0: Ball 1-0: Foul Ball, location: 2F Pickoff Throw to First - Out! 1-3
|
| Top of the 6th over - 0 runs, 0 hits, 0 errors, 0 left on base; Chester 0 - Windy City 2 |
| BOTTOM OF THE 6TH |
|
Windy City ThunderBolts batting - Pitching for Chester Pirates : LHP Ben Buerck
|
|
Batting: LHB Adam Tarbutton
|
0-0: Called Strike 0-1: Ground out 5-3 (Groundball, 56S, EV 93.8 MPH)
|
|
Batting: RHB Mike Rosa
|
0-0: Ball 1-0: Called Strike 1-1: SOLO HOME RUN (Flyball, 78XD, EV 107.5 MPH), Distance : 423 ft
|
|
Batting: LHB Justin Stickney
|
0-0: Ball 1-0: SINGLE (Line Drive, 4D, EV 95.6 MPH)
|
|
Batting: RHB Adan Lake
|
0-0: Called Strike 0-1: Ball 1-1: Ball 2-1: Foul Ball, location: 2F 2-2: Ball 3-2: Base on Balls Justin Stickney to second
|
|
Batting: RHB Armando Vazquez
|
0-0: Called Strike 0-1: Ball 1-1: Ball 2-1: Foul Ball, location: 2F 2-2: Foul Ball, location: 2F 2-2: Fly out, F9 (Flyball, 9LD, EV 88.1 MPH) Runner from 2nd tags up, SAFE at 3rd, no throw by RF
|
|
Batting: RHB Vladmiri Nugaibekov
|
0-0: Swinging Strike 0-1: Foul Ball, location: 2F 0-2: Strikes out looking
|
| Bottom of the 6th over - 1 run, 2 hits, 0 errors, 2 left on base; Chester 0 - Windy City 3 |
| TOP OF THE 7TH |
|
Chester Pirates batting - Pitching for Windy City ThunderBolts : RHP Alec Guglielmo
|
|
Batting: RHB Frank Elizondo
|
0-0: Called Strike 0-1: Foul Ball, location: 2F 0-2: Foul Ball, location: 2F 0-2: Ball 1-2: Ball 2-2: Ball 3-2: Foul Ball, location: 2F 3-2: SINGLE (Groundball, 56S, EV 75.0 MPH) (infield hit)
|
|
Batting: RHB Erik Mulligan
|
0-0: Fly out, F8 (Flyball, 8LD, EV 100.0 MPH)
|
|
Batting: LHB Chad Cutler
|
0-0: Foul Ball, location: 2F 0-1: Ball 1-1: Ball 2-1: Foul Ball, location: 2F 2-2: Foul Ball, location: 2F 2-2: Foul Ball, location: 2F 2-2: Strikes out swinging
|
|
Batting: SHB Don Hauk
|
0-0: Ball 1-0: Called Strike 1-1: Called Strike 1-2: Ball 2-2: Ball 3-2: Foul Ball, location: 2F 3-2: Foul Ball, location: 2F 3-2: Fly out, F9 (Flyball, 89S, EV 87.5 MPH)
|
| Top of the 7th over - 0 runs, 1 hit, 0 errors, 1 left on base; Chester 0 - Windy City 3 |
| BOTTOM OF THE 7TH |
|
Windy City ThunderBolts batting - Pitching for Chester Pirates : LHP Ben Buerck
|
|
Batting: LHB Herkko Haavikko
|
0-0: Called Strike 0-1: Foul Ball, location: 2F 0-2: Ball 1-2: Ball 2-2: Strikes out swinging
|
|
Batting: RHB Mario Gomez
|
0-0: Ball 1-0: Ball 2-0: Ground out 6-3 (Groundball, 56, EV 104.4 MPH)
|
|
Batting: LHB Matt Hyde
|
0-0: SINGLE (Groundball, 34D, EV 105.0 MPH)
|
|
Batting: LHB Adam Tarbutton
|
0-0: Called Strike 0-1: Foul Ball, location: 2F 0-2: Foul Ball, location: 2F 0-2: SINGLE (Line Drive, 5D, EV 101.9 MPH) Matt Hyde to second
|
|
Pitching: LHP Juan Villegas
|
|
|
Batting: RHB Mike Rosa
|
0-0: Ball 1-0: Ground out 4-3 (Groundball, 4S, EV 91.3 MPH)
|
| Bottom of the 7th over - 0 runs, 2 hits, 0 errors, 2 left on base; Chester 0 - Windy City 3 |
| TOP OF THE 8TH |
|
Chester Pirates batting - Pitching for Windy City ThunderBolts : RHP Alec Guglielmo
|
|
Pitching: LHP Ray Sowers
|
|
|
Batting: RHB Terrence Wilson
|
0-0: Ground out 5-3 (Groundball, 56, EV 100.6 MPH)
|
|
Batting: RHB Brandon White
|
0-0: Ball 1-0: SINGLE (Line Drive, 56D, EV 97.5 MPH)
|
|
Batting: LHB Carlos Vega
|
0-0: Called Strike 0-1: Called Strike 0-2: Ball 1-2: SINGLE (Groundball, 5L, EV 106.9 MPH) (infield hit) Brandon White to second
|
|
Batting: RHB Zach Chmieleski
|
0-0: Called Strike 0-1: Fly out, F7 (Flyball, 78M, EV 89.4 MPH)
|
|
Batting: RHB Jeff Edwards
|
0-0: Ball 1-0: Ball 2-0: Ball 3-0: Called Strike 3-1: Base on Balls Brandon White to third Carlos Vega to second
|
|
Pitching: RHP Matt Christensen
|
|
|
Batting: RHB Frank Elizondo
|
0-0: Called Strike 0-1: Ball 1-1: Called Strike 1-2: Ball 2-2: Strikes out looking
|
| Top of the 8th over - 0 runs, 2 hits, 0 errors, 3 left on base; Chester 0 - Windy City 3 |
| BOTTOM OF THE 8TH |
|
Windy City ThunderBolts batting - Pitching for Chester Pirates : LHP Juan Villegas
|
|
Batting: LHB Justin Stickney
|
0-0: Ball 1-0: Swinging Strike 1-1: Ball 2-1: Ball 3-1: Foul Ball, location: 2F 3-2: Strikes out swinging
|
|
Batting: RHB Adan Lake
|
0-0: SINGLE (Line Drive, 9S, EV 108.8 MPH)
|
|
Batting: RHB Armando Vazquez
|
0-0: Ball 1-0: Ball 2-0: Ball 3-0: Base on Balls Adan Lake to second
|
|
Batting: RHB Vladmiri Nugaibekov
|
0-0: Swinging Strike 0-1: SINGLE (Groundball, 34D, EV 99.4 MPH) Adan Lake to third Armando Vazquez to second
|
|
Batting: LHB Herkko Haavikko
|
0-0: Ball 1-0: Ball 2-0: SINGLE (Groundball, 6, EV 101.3 MPH) Adan Lake scores Armando Vazquez to third Vladmiri Nugaibekov to second
|
|
Batting: RHB Mario Gomez
|
0-0: Called Strike 0-1: Called Strike 0-2: Strikes out looking
|
|
Batting: LHB Matt Hyde
|
0-0: Ball 1-0: Ball 2-0: Foul Ball, location: 2F 2-1: SINGLE (Flyball, 4D, EV 94.4 MPH) Armando Vazquez scores Vladmiri Nugaibekov to third Herkko Haavikko to second
|
|
Batting: LHB Adam Tarbutton
|
0-0: Ball 1-0: Ball Wild Pitch! Vladmiri Nugaibekov scores Herkko Haavikko to third Matt Hyde to second 2-0: Ball 3-0: Called Strike 3-1: Base on Balls
|
|
Pitching: RHP Tony Ortiz
|
|
|
Batting: RHB Mike Rosa
|
0-0: Ball 1-0: GRAND SLAM HOME RUN (Flyball, 9D, EV 99.4 MPH), Distance : 360 ft
|
|
Batting: LHB Justin Stickney
|
0-0: Ball 1-0: Ball 2-0: Fly out, F8 (Flyball, 78M, EV 95.6 MPH)
|
| Bottom of the 8th over - 7 runs, 5 hits, 0 errors, 0 left on base; Chester 0 - Windy City 10 |
| TOP OF THE 9TH |
|
Chester Pirates batting - Pitching for Windy City ThunderBolts : RHP Matt Christensen
|
|
Batting: RHB Erik Mulligan
|
0-0: Ball 1-0: Ball 2-0: Ball 3-0: Called Strike 3-1: Called Strike 3-2: Ground out 6-3 (Groundball, 6, EV 89.4 MPH)
|
|
Batting: LHB Chad Cutler
|
0-0: Ball 1-0: Ball 2-0: Ball 3-0: Called Strike 3-1: Base on Balls
|
|
Batting: SHB Don Hauk
|
0-0: Ball 1-0: Called Strike 1-1: Ball 2-1: Foul Ball, location: 2F 2-2: Grounds into double play, 4-6-3 (Groundball, 4, EV 91.9 MPH)
|
| Top of the 9th over - 0 runs, 0 hits, 0 errors, 0 left on base; Chester 0 - Windy City 10 |
|